Map: Окраины Ньюкирка РВ (Void)

Players

EricMX - Winner!

  • Race: Terran Terran
  • League: Diamond
  • Spawn Location: 5:00

Nicred

  • Race: Zerg Zerg
  • League: Diamond
  • Spawn Location: 7:00

VOD

Have the link to the VOD?

Description

Time

  • Played on: Jan. 13, 2017, 2:24 p.m.
  • Length: 10:27
Show
View Real Time Build Order
Export as new Build Order

EricMX Terran - Winner!

Build Orders: MMM Bio 

Get SALT Encoding   

  12  0:01  SCV  
  13  0:13  SCV  
  14  0:18  Supply Depot  
  14  0:25  SCV  
  15  0:40  SCV  
  15  0:41  Barracks  
  16  0:52  SCV  
  17  1:04  SCV  
  18  1:16  SCV  
  19  1:30  Orbital Command  
  19  1:33  Command Center  
  19  1:43  Supply Depot  
  19  1:48  Barracks  
  19  1:54  Refinery  
  19  1:58  Refinery  
  19  1:59  SCV  
  20  2:11  SCV  
  20  2:14  Marine  
  22  2:23  SCV  
  23  2:32  Marine  
  23  2:35  SCV, Marine  
  26  2:43  Factory  
  26  2:46  Orbital Command  
  26  2:47  SCV  
  26  2:49  Marine  
  28  2:53  Supply Depot, Marine  
  29  3:00  SCV  
  30  3:07  Marine  
  30  3:12  Barracks Tech Lab  
  31  3:20  SCV  
  32  3:29  Starport, Widow Mine  
  32  3:31  Marine  
  32  3:32  Stimpack  
  32  3:33  SCV  
  36  3:36  Supply Depot, Marine  
  37  3:44  Barracks  
  37  3:46  Orbital Command  
  37  4:14  Marine x2  
  37  4:16  Medivac  
  37  4:17  Widow Mine  
  43  4:30  SCV x2  
  45  4:38  Marine x3  
  46  4:43  SCV x2  
  50  4:47  Supply Depot  
  50  4:48  Medivac  
  52  4:55  SCV x2  
  52  4:56  Marine x3  
  57  5:00  Supply Depot  
  57  5:07  SCV x2, Engineering Bay  
  58  5:08  Engineering Bay  
  58  5:12  Supply Depot  
  58  5:14  Marine  
  60  5:17  Factory Reactor  
  60  5:19  SCV x2  
  60  5:20  Barracks Reactor  
  63  5:23  Starport Reactor  
  62  5:32  Combat Shields  
  62  5:33  Barracks Reactor  
  62  5:37  SCV x2  
  62  5:42  Terran Infantry Weapons Level 1, Terran Infantry Armor Level 1  
  64  5:44  Refinery, Missile Turret  
  64  5:46  Missile Turret  
  64  5:48  Marine  
  64  5:49  SCV x2  
  67  5:55  Hellion x2  
  71  5:58  Marine x2  
  73  6:06  Marine  
  73  6:10  Refinery  
  72  6:15  Marine x2  
  74  6:23  Marine x3  
  77  6:33  Marine x2  
  79  6:40  Marine  
  79  6:41  Marine  
  79  6:43  Marine  
  79  6:45  Hellion x2  
  86  6:51  Marine  
  77  6:57  Marine  
  77  6:58  Marine  
  77  7:00  Marauder  
  80  7:01  Marine  
  80  7:06  Hellion  
  80  7:07  Hellion  
  85  7:09  Marine  
  86  7:47  Supply Depot  
  86  7:49  Supply Depot  
  86  7:50  Supply Depot  
  86  7:51  Command Center  
  86  7:54  Barracks  
  86  7:55  Barracks  
  86  8:08  Marine x2, Widow Mine x2  
  86  8:09  Marine x2  
  86  8:10  Marine  
  85  8:26  Marine x4  
  89  8:28  Marine  
  90  8:37  Widow Mine  
  88  8:44  Marine x3  
  64  8:58  Unknown  
  64  9:00  Marine x2  
  64  9:01  Widow Mine  
  64  9:02  Marine x3  
  71  9:05  Widow Mine  
  72  9:18  Marine x2  
  74  9:29  Marine x2, Marauder  
  74  9:30  Widow Mine  
  80  9:32  Barracks Reactor x2  
  80  9:34  Widow Mine  
  80  9:36  Marine x2  
  76  9:46  Marine  
  76  9:47  Marine  
  76  9:50  Marauder  
  80  9:53  Marine  
  80  9:54  Marine  
Show
View Real Time Build Order
Export as new Build Order

Nicred Zerg 

Build Orders: Hatch First 

Get SALT Encoding   

  12  0:01  Drone  
  13  0:13  Overlord  
  13  0:18  Drone  
  14  0:31  Drone x2  
  14  0:35  Drone  
  17  0:54  Hatchery  
  17  0:56  Extractor  
  15  0:58  Drone  
  15  1:01  Drone  
  17  1:17  Spawning Pool  
  16  1:19  Drone  
  16  1:23  Drone  
  18  1:28  Drone  
  19  1:39  Overlord  
  19  2:03  Metabolic Boost  
  19  2:06  Queen x2  
  19  2:08  Zergling x2  
  24  2:11  Zergling x2  
  24  2:14  Drone  
  26  2:18  Drone  
  27  2:24  Drone  
  27  2:25  Drone  
  29  2:33  Drone x2  
  31  2:41  Zergling x2  
  32  2:47  Zergling x2  
  32  2:51  Drone  
  34  2:57  Drone  
  35  3:00  Drone  
  36  3:06  Overlord  
  36  3:19  Baneling Nest  
  35  3:22  Pneumatized Carapace  
  35  3:24  Queen  
  37  3:27  Zergling x10  
  37  3:28  Zergling x4  
  44  3:40  Overlord x2  
  43  3:59  Drone x3  
  44  4:04  Hatchery  
  44  4:07  Baneling x2  
  44  4:08  Baneling x3  
  43  4:10  Drone x3  
  43  4:12  Drone  
  46  4:30  Drone  
  47  4:31  Zergling x8  
  47  4:34  Lair  
  47  4:35  Extractor  
  47  4:37  Extractor x2  
  48  4:38  Drone x2  
  50  4:49  Drone x3  
  53  4:58  Evolution Chamber  
  53  4:59  Evolution Chamber  
  51  5:14  Zergling x16  
  56  5:17  Overlord  
  56  5:18  Drone x3, Queen  
  64  5:25  Zergling x2  
  65  5:31  Centrifical Hooks  
  65  5:40  Drone x3  
  68  5:52  Baneling x5  
  68  5:53  Zergling x10  
  73  5:58  Overlord x2  
  71  6:26  Spore Crawler  
  71  6:30  Zergling x26  
  77  6:40  Drone x4  
  77  6:46  Drone x4  
  81  6:53  Drone x3  
  81  6:54  Queen  
  81  6:58  Zerg Melee Weapons Level 1, Zerg Ground Armor Level 1  
  80  7:05  Drone x2  
  82  7:13  Overlord  
  82  7:15  Overlord  
  82  7:23  Roach Warren  
  81  7:31  Extractor  
  80  7:47  Spore Crawler  
  80  7:48  Infestation Pit  
  80  7:50  Spore Crawler x2  
  76  7:59  Drone x6  
  76  8:00  Zergling x16  
  76  8:02  Overlord x3  
  90  8:12  Zergling x14  
  85  8:19  Drone, Zergling x4  
  70  8:23  Baneling x4  
  70  8:24  Baneling x6  
  70  8:25  Zergling x2  
  70  8:29  Zergling x2  
  70  8:33  Overseer  
  65  8:43  Zergling x10  
  70  8:54  Zergling x4  
  60  9:04  Zergling x2  
  60  9:09  Hatchery  
  54  9:17  Zergling x8  
  54  9:24  Zergling x2  
  59  9:25  Baneling x4  
  59  9:34  Zergling x4  
  53  9:46  Zergling x2  
  53  9:47  Zergling x2  
  55  9:53  Zergling x2  
  55  9:58  Zergling x4  
  55  9:59  Zergling x6  
  59  10:01  Zergling x2  
  59  10:06  Zergling x4  
  58  10:10  Zergling x2  
Tags
 
Add a new tag
Caveats
  • Supply blocks, unpowered buildings, or Contaminate may cause inaccurate times.
  • Supply counts are checked every 10 seconds.